 Seeded DCSS version 0.28-a0-1613-gdaab1c2f9b (webtiles) character file.

Game seed: 11 (custom seed)

2451 knot the Cleaver (level 9, -2/63 HPs)
             Began as a Demonspawn Berserker on Jan 22, 2022.
             Was a Follower of Trog.
             Slain by a killer bee (3 damage)
             ... on level 7 of the Dungeon.
             The game lasted 00:09:39 (10287 turns).

knot the Cleaver (Demonspawn Berserker)            Turns: 10287, Time: 00:09:43

Health: -2/63      AC:  5    Str: 18    XL:     9   Next: 25%
Magic:  9/9        EV: 12    Int: 12    God:    Trog [*.....]
Gold:   318        SH:  0    Dex: 13    Spells: 8/8 levels left

rFire   + . .      SeeInvis .   B - +3 spear (venom)
rCold   + . .      Faith    .   (no shield)
rNeg    . . .      Spirit   .   e - +0 leather armour
rPois   .          Reflect  .   (no helmet)
rElec   .          Harm     .   D - scarf {rC+ rF+}
rCorr   .          Rampage  .   H - +0 pair of gloves
Will    .....                   y - +0 pair of boots
Stlth   +.........              x - amulet of magic regeneration
HPRegen 1.20/turn               (no ring)
MPRegen 0.62/turn               (no ring)

@: lethally poisoned (-2 -> -3), on berserk cooldown, slowed, very slow
A: powered by death 2, magic regeneration, sturdy frame 1, weakness stinger 1
a: Renounce Religion, Berserk


You were on level 7 of the Dungeon.
You worshipped Trog.
Trog was aware of your devotion.
You visited 1 branch of the dungeon, and saw 7 of its levels.
You also visited: Sewer.

You collected 318 gold pieces.

Inventory:

Hand Weapons
 a - a +0 hand axe
 B - a +3 spear of venom (weapon)
Missiles
 d - 111 stones
 j - 5 boomerangs (quivered)
 r - 2 atropa-tipped darts
 C - 27 sling bullets
Armour
 e - a +0 leather armour (worn)
 y - a +0 pair of boots (worn)
 D - a scarf of resistance (worn)
 H - a +0 pair of gloves (worn)
Jewellery
 x - an amulet of magic regeneration (around neck)
Wands
 I - a wand of flame (22)
Scrolls
 f - 13 scrolls of identify {unknown}
 l - a scroll of enchant weapon {unknown}
 m - 2 scrolls of fog {unknown}
 p - a scroll of summoning {unknown}
 q - 4 scrolls of teleportation {unknown}
 u - 2 scrolls of fear {unknown}
 E - a scroll of vulnerability {unknown}
 F - a scroll of immolation {unknown}
 G - a scroll of blinking {unknown}
Potions
 c - 5 potions of brilliance {unknown}
 g - 4 potions of mutation {unknown}
 h - a potion of attraction {unknown}
 i - 2 potions of lignification
 k - 2 potions of curing
 n - 2 potions of magic {unknown}
 o - 4 potions of degeneration {unknown}
 s - 2 potions of cancellation {unknown}
 t - a potion of berserk rage {unknown}
 v - 2 potions of flight {unknown}
 w - 2 potions of invisibility {unknown}
 z - a potion of haste
 A - 2 potions of might {unknown}


   Skills:
 - Level 3.0 Fighting
 + Level 11.8 Axes
 - Level 1.7 Armour
 - Level 1.7 Dodging


You had 8 spell levels left.
You didn't know any spells.
Your spell library contained the following spells:

 Spells                   Type           Power      Damage    Failure   Level
 Blink                    Tloc           0%         N/A       45%         2
 Frozen Ramparts          Ice            0%         1d2       71%         3
 Ice Form                 Ice/Tmut       0%         N/A       98%         4
 Summon Ice Beast         Ice/Summ       0%         N/A       98%         4
 Manifold Assault         Tloc           0%         N/A       100%        5
 Storm Form               Tmut/Air       0%         N/A       100%        7


Dungeon Overview and Level Annotations

Branches:
Dungeon (7/15)              Sewer (visited)
 Temple: D:4-7

Altars:
Ashenzari
Cheibriados
Dithmenos
Elyvilon
Makhleb
Ru
Trog
Vehumet
Yredelemnul


Innate Abilities, Weirdness & Mutations

You regenerate health from kills.
You regenerate magic rapidly.
Your movements are slightly less encumbered by armour. (ER -2)
You have a small tail.


Message History

Aiming: Charm
Press: ? - help, Shift-Dir - straight line, f - centaur
Aim: a centaur, wielding a +0 shortbow and quivering arrows (moderately wounded, ally target, chance to affect: 49%) Really fire in your killer bee's direction?
Okay, then.
A gnoll comes into view. It is wielding a +0 spear.
The gnoll shouts!
You hear an angry buzzing noise.
Your killer bee barely misses the centaur.
Your killer bee stings the centaur.
The centaur is poisoned.
Your killer bee poisons the centaur!
The centaur shoots an arrow.
The arrow hits your killer bee!
Your killer bee stings the centaur!
The centaur shoots an arrow.
The arrow barely misses your killer bee.
The arrow closely misses you.
A hornet comes into view.
Aiming: Charm
Press: ? - help, Shift-Dir - straight line, f - hornet, p - centaur
Aim: a hornet (wandering, hasn't noticed you, chance to affect: 39%)
The hornet resists with some effort.
The now-empty wand crumbles to dust.
Your killer bee stings the centaur but does no damage.
A killer bee comes into view.
Your killer bee stings the centaur.
The centaur dies!
Trog accepts your kill.
Unknown command.
The gnoll drinks a potion.
The gnoll seems to speed up.
The hornet misses your killer bee.
It was a potion of curing.
You feel better.
Your killer bee closely misses the hornet.
Your killer bee barely misses the hornet.
The hornet closely misses your killer bee.
The killer bee stings you!
* * * LOW HITPOINT WARNING * * *
You are poisoned.
The killer bee poisons you!
Your killer bee barely misses the hornet.
The gnoll hits you from afar with a +0 spear.
* * * LOW HITPOINT WARNING * * *
The hornet misses your killer bee. The killer bee stings you.
You die...

### #.# #.#
#####.#
#####...#.#
..........# #
####....##
#.##...#.#.#
.........#†#
....yy..@#(#
.......y..)#
.......g.##......
..##..)### .###..
#... .# #.## .#
#. c. # .#


You could see a hornet (ally target), a killer bee, a gnoll (fast) and a
friendly killer bee (charmed).

Vanquished Creatures
  Eustachio (D:4)
  Menkaure (D:7)
  A black bear (D:6)
  2 sky beasts (D:6)
  4 ogres (D:5)
  2 centaurs
  2 necrophages
  2 phantoms
  A wyvern zombie (D:5)
  2 scorpions
  2 wyvern skeletons (D:6)
  6 killer bees
  A gnoll shaman (D:6)
  2 hounds
  2 bullfrog skeletons
  2 iguanas
  A howler monkey zombie (D:6)
  A howler monkey skeleton (D:6)
  6 gnolls
  5 adders
  7 river rats
  A worm (D:2)
  A dart slug (D:3)
  4 orcs
  6 endoplasms
  4 giant cockroaches
  4 goblins
  3 hobgoblins
  4 jackals
  2 quokkas
  11 ball pythons
  8 bats
  5 frilled lizards
  7 kobolds
  16 rats
129 creatures vanquished.

Vanquished Creatures (collateral kills)
  A centaur (D:7)
  A howler monkey skeleton (D:6)
  A gnoll (D:6)
  A white imp (D:6)
4 creatures vanquished.

Vanquished Creatures (others)
  A gnoll sergeant (D:6)
  A gnoll (D:7)
2 creatures vanquished.

Grand Total: 135 creatures vanquished

Notes
Turn   | Place    | Note
-------+----------+-------------------------------------------
     0 | D:1      | knot the Demonspawn Berserker began the quest for the Orb.
     0 | D:1      | Reached XP level 1. HP: 18/18 MP: 1/1
    50 | D:1      | Reached skill level 3 in Axes
    60 | D:1      | Gained mutation: You regenerate a little health from kills.
                  | [demonic ancestry]
    60 | D:1      | Reached XP level 2. HP: 23/24 MP: 2/2
   549 | D:1      | Found a faded altar of an unknown god.
  1112 | D:2      | Gained mutation: Your movements are slightly less
                  | encumbered by armour. (ER -2) [demonic ancestry]
  1112 | D:2      | Reached XP level 3. HP: 29/29 MP: 3/3
  1245 | D:2      | Reached ** piety under Trog
  1246 | D:2      | Reached skill level 4 in Axes
  2218 | D:3      | Found a glowing drain.
  2237 | D:3      | HP: 1/29 [river rat (7)]
  2239 | D:3      | Reached XP level 4. HP: 3/35 MP: 4/4
  2392 | Sewer    | Entered a sewer
  2675 | Sewer    | Reached skill level 5 in Axes
  3058 | Sewer    | Reached XP level 5. HP: 19/41 MP: 5/5
  4136 | D:3      | Found a shadowy altar of Dithmenos.
  4139 | D:3      | Found a bloodstained altar of Trog.
  4140 | D:3      | Found a basalt altar of Yredelemnul.
  4140 | D:3      | Found a radiant altar of Vehumet.
  4140 | D:3      | Found a burning altar of Makhleb.
  4142 | D:3      | Found a broken altar of Ashenzari.
  4143 | D:3      | Found a snail-covered altar of Cheibriados.
  4145 | D:3      | Found a sacrificial altar of Ru.
  4537 | D:4      | Reached skill level 6 in Axes
  4537 | D:4      | Gained mutation: You have a small tail. [demonic ancestry]
  4537 | D:4      | Reached XP level 6. HP: 37/47 MP: 6/6
  4939 | D:4      | Noticed Eustachio
  4956 | D:4      | Killed Eustachio
  4957 | D:4      | Reached skill level 7 in Axes
  5297 | D:4      | Gained mutation: You regenerate health from kills. [demonic
                  | ancestry]
  5297 | D:4      | Reached XP level 7. HP: 39/52 MP: 7/7
  6057 | D:5      | Entered Level 5 of the Dungeon
  6330 | D:5      | Reached skill level 8 in Axes
  7092 | D:5      | Reached skill level 9 in Axes
  7092 | D:5      | Reached XP level 8. HP: 52/58 MP: 8/8
  8360 | D:6      | Reached skill level 10 in Axes
  8631 | D:6      | Reached skill level 11 in Axes
  8759 | D:6      | Gained mutation: You regenerate magic rapidly. [demonic
                  | ancestry]
  8759 | D:6      | Reached XP level 9. HP: 46/63 MP: 9/9
 10182 | D:7      | Noticed Menkaure
 10193 | D:7      | Killed Menkaure
 10282 | D:7      | HP: 3/63 [centaur/arrow (10)]
 10283 | D:7      | HP: 1/63 [gnoll (3)]
 10287 | D:7      | Slain by a killer bee

Illustrated notes

Levels and vault maps discovered:
D:1:      minmay_arrival_nine_rooms, layout_rooms, basic_ecumenical_altar
D:2:      layout_basic
D:3:      layout_loops_ring, minitemple, portal_sewer_entry_b,
          lemuel_old_faithful
D:4:      layout_basic, uniq_eustachio
D:5:      layout_layer_cave, minivault_24
D:6:      minmay_chambers_of_threes, layout_basic
D:7:      gammafunk_cloud_chamber, layout_loops_cross, lemuel_temple_firewalk_b,
          uniq_menkaure

Skill      XL: |  1  2  3  4  5  6  7  8 |
---------------+-------------------------+-----
Axes           | 3 4 5 6 7 9 11 | 11.8
Fighting       | |  3.0
Armour         | |  1.7
Dodging        | |  1.7

Action                   |  1- 3 |  4- 6 |  7- 9 || total
-------------------------+-------+-------+-------++-------
Melee: Hand axe          |   146 |   194 |   210 ||   550
       Punch             |     1 |     4 |       ||     5
       Tailslap          |       |       |    24 ||    24
       Spear             |       |       |     5 ||     5
Throw: Boomerang         |       |       |    36 ||    36
Invok: Berserk           |     2 |     6 |    16 ||    24
Evoke: Wand              |       |       |     6 ||     6
  Use: Potion            |       |     1 |     1 ||     2
 Stab: Sleeping          |       |     2 |     1 ||     3
Armor: Animal skin       |     7 |       |       ||     7
       Leather armour    |    43 |    33 |    38 ||   114
       Skin              |       |    21 |       ||    21
Dodge: Dodged            |   104 |   110 |   109 ||   323

Table legend: (Time is in decaauts)
 A = Elapsed time spent in this place.
 B = Non-inter-level travel time spent in this place.
 C = Inter-level travel time spent in this place.
 D = Time resting spent in this place.
 E = Time spent auto-exploring this place.
 F = Levels seen in this place.
 G = Mean time per level.
                   A        B        C        D        E       F      G
               +--------+--------+--------+--------+--------+-----+--------+
         Total |  10514 |  10288 |    226 |   3681 |   5487 |   8 | 1314.2 |
       Dungeon |   9307 |   9081 |    226 |   3300 |   4912 |   7 | 1329.6 |
         Sewer |   1207 |   1207 |      0 |    380 |    575 |   1 | 1207.0 |
               +--------+--------+--------+--------+--------+-----+--------+

Top non-repeatable levels by time:
     D:6: 2126 daAuts
     D:5: 2068 daAuts
     D:4: 1906 daAuts
     D:2: 1243 daAuts
   Sewer: 1207 daAuts
     D:1: 977 daAuts
     D:3: 852 daAuts
     D:7: 132 daAuts
